 Dungeon Crawl Stone Soup version 0.27-a0-1359-ga2a4dfd6fd (webtiles) character file.

Game seed: 3331561126052816943

10223 octoduck the Cleaver (level 11, -5/145 HPs)
             Began as a Hill Orc Necromancer on June 28, 2021.
             Was a Follower of Kikubaaqudgha.
             Slain by a seven-headed hydra (12 damage)
             ... on level 11 of the Dungeon on June 29, 2021.
             The game lasted 01:27:28 (25382 turns).

octoduck the Cleaver (Hill Orc Necromancer)        Turns: 25382, Time: 01:27:30

Health: -5/145     AC: 13    Str: 13    XL:     11   Next: 58%
Magic:  13/13      EV: 16    Int: 17    God:    Kikubaaqudgha [*.....]
Gold:   580        SH:  0    Dex: 16    Spells: 0/13 levels left

rFire    . . .     SeeInvis .   H - +10 battleaxe "Yruh" {drain, rElec Dex+5}
rCold    . . .     Faith    +   (shield currently unavailable)
rNeg     . . .     Spirit   .   z - +0 steam dragon scales
rPois    .         Reflect  .   k - +2 helmet
rElec    +         Harm     .   L - +2 cloak
rCorr    .         Rampage  .   (no gloves)
Will     .....                  f - +1 pair of boots
Stlth    ..........             N - amulet of faith
HPRegen  0.34/turn              J - +4 ring of slaying
MPRegen  0.13/turn              x - +4 ring of evasion

@: berserking, about to teleport, very quick
A: no striking features
a: Renounce Religion, Receive Corpses


You were on level 11 of the Dungeon.
You worshipped Kikubaaqudgha.
Kikubaaqudgha was aware of your devotion.
You visited 3 branches of the dungeon, and saw 14 of its levels.

You collected 580 gold pieces.

Inventory:

Hand Weapons
 b - a +0 hunting sling
 e - the +6 dagger of Nowouh {protect, Fly rCorr Str-5 Dex+4}
   (You found it on level 8 of the Dungeon)

   It grants its wielder temporary protection when it strikes (+7 to AC).
   Str:       It affects your strength (-5).
   Dex:       It affects your dexterity (+4).
   Fly:       It grants you flight.
   rCorr:     It protects you from acid and corrosion.
 m - a +1 war axe
 n - a +0 broad axe
 o - a +0 hand axe
 p - the +5 mace of Havoc {venom, Str+5 Int+2 Dex+3}
   (You found it on level 1 of the Lair of Beasts)

   It poisons the flesh of those it strikes.
   Str:       It affects your strength (+5).
   Int:       It affects your intelligence (+2).
   Dex:       It affects your dexterity (+3).
 H - the +10 battleaxe "Yruh" (weapon) {drain, rElec Dex+5}
   (You acquired it on level 9 of the Dungeon)

   A truly terrible weapon, it drains the life of those it strikes.
   Dex:       It affects your dexterity (+5).
   rElec:     It insulates you from electricity.
 K - a +2 quarterstaff of chaos
Missiles
 c - 341 stones
Armour
 f - a +1 pair of boots (worn)
 h - the +0 pair of gloves of Soft Rains {rCorr Str-4 Int+3}
   (You found it on level 10 of the Dungeon)

   Str:       It affects your strength (-4).
   Int:       It affects your intelligence (+3).
   rCorr:     It protects you from acid and corrosion.
 k - a +2 helmet (worn)
 r - a +2 hat of see invisible
 w - a +0 leather armour of fire resistance
 z - +0 steam dragon scales (worn)
 L - a +2 cloak (worn)
Magical Staves
 C - a staff of fire
Jewellery
 l - a ring of protection from cold
 t - a ring of willpower
 u - a ring of protection from cold
 x - a +4 ring of evasion (right hand)
 D - a ring of positive energy
 J - a +4 ring of slaying (left hand)
 N - an amulet of faith (around neck)
Wands
 A - a wand of digging (11)
 E - a wand of flame (28)
Scrolls
 a - a scroll of enchant weapon
 y - 2 scrolls of magic mapping
 I - a scroll of enchant armour
 M - 2 scrolls of immolation
Potions
 d - 2 potions of magic
 i - 2 potions of resistance
 q - a potion of invisibility {unknown}
 s - a potion of heal wounds {unknown}
 v - 4 potions of might
 B - a potion of curing
 F - a potion of cancellation {unknown}
 P - a potion of attraction {unknown}
Miscellaneous
 O - a phial of floods


   Skills:
 - Level 9.3 Fighting
 + Level 14.5 Axes
 - Level 1.5 Dodging
 - Level 4.3 Stealth
 - Level 1.5 Spellcasting
 + Level 10.8 Necromancy


You couldn't memorise any spells.
You knew the following spells:

 Your Spells              Type           Power      Damage    Failure   Level
a - Pain                  Necr           100%       1d9       1%          1
b - Vampiric Draining     Necr           19%        2d8       1%          3
c - Animate Dead          Necr           19%        N/A       2%          4
d - Agony                 Necr           38%        N/A       7%          5

Your spell library contained the following spells:

 Spells                   Type           Power      Damage    Failure   Level
 Animate Skeleton         Necr           76%        N/A       1%          1
 Sublimation of Blood     Necr           19%        N/A       1%          2
 Corpse Rot               Necr/Air       N/A        N/A       3%          2
 Beastly Appendage        Tmut           2%         N/A       21%         1
 Foxfire                  Conj/Fire      4%         2x1d4     21%         1
 Magic Dart               Conj           4%         1d3       21%         1
 Shock                    Conj/Air       4%         1d3       21%         1
 Blink                    Tloc           N/A        N/A       30%         2
 Call Imp                 Summ           1%         N/A       30%         2
 Slow                     Hex            1%         N/A       30%         2
 Static Discharge         Conj/Air       1%         N/A       30%         2
 Wereblood                Tmut           1%         N/A       30%         2
 Confusing Touch          Hex            1%         N/A       52%         3
 Conjure Flame            Conj/Fire      1%         6-21      52%         3
 Gell's Gravitas          Tloc           0%         N/A       52%         3
 Inner Flame              Hex/Fire       1%         N/A       52%         3
 Mephitic Cloud           Conj/Pois/Air  1%         N/A       52%         3
 Spider Form              Tmut/Pois      0%         N/A       52%         3
 Swiftness                Air            1%         N/A       52%         3
 Airstrike                Air            0%         N/A       90%         4
 Ice Form                 Ice/Tmut       1%         N/A       90%         4
 Petrify                  Tmut/Erth      1%         N/A       90%         4
 Sticky Flame             Conj/Fire      1%         2d3       90%         4
 Fireball                 Conj/Fire      0%         3d3       99%         5
 Lightning Bolt           Conj/Air       0%         1d11      99%         5
 Metabolic Englaciation   Hex/Ice        0%         N/A       99%         5
 Yara's Violent Unravell  Hex/Tmut       0%         3d3       99%         5


Dungeon Overview and Level Annotations

Branches:
Dungeon (12/15)            Temple (1/1) D:7            Lair (1/6) D:9
    Orc: D:9-12

Altars:
Ashenzari
Cheibriados
Dithmenos
Elyvilon
Fedhas
Gozag
Hepliaklqana
Kikubaaqudgha
Makhleb
Nemelex Xobeh
Okawaru
Qazlal
Ru
Trog
Uskayaw
Wu Jian
Xom
Zin

Shops:
D:7 *

Annotations:
D:10 1 runed translucent door, Sobieck's ghost, journeyman OgBe
Lair:1 Nergalle


Message History

The seven-headed hydra closely misses you. x2
The seven-headed hydra bites you. x2
The seven-headed hydra closely misses you.
The seven-headed hydra bites you! The slime creature misses you.
The seven-headed hydra bites you! The seven-headed hydra bites you.
The seven-headed hydra bites you but does no damage.
The seven-headed hydra misses you.
The seven-headed hydra closely misses you.
The seven-headed hydra bites you.
The seven-headed hydra bites you but does no damage.
Found a knobbly bronze ring.
There is a stone staircase leading up here.
The slime creature closely misses you.
The seven-headed hydra closely misses you.
The seven-headed hydra bites you.
The seven-headed hydra bites you but does no damage.
The seven-headed hydra bites you. The seven-headed hydra bites you!
The seven-headed hydra bites you. x2
You climb upwards.
There is a stone staircase leading down here.
As you read the scroll of teleportation, it crumbles to dust.
You feel strangely unstable. The slime creature hits you!
* * * LOW HITPOINT WARNING * * *
The seven-headed hydra barely misses you.
The seven-headed hydra bites you!
* * * LOW HITPOINT WARNING * * *
The seven-headed hydra barely misses you.
The seven-headed hydra bites you but does no damage.
The seven-headed hydra completely misses you.
The seven-headed hydra barely misses you.
The seven-headed hydra bites you!
* * * LOW HITPOINT WARNING * * *
A red film seems to cover your vision as you go berserk!
You feel yourself moving faster!
You feel mighty!
The slime creature hits you but does no damage.
The seven-headed hydra closely misses you. x2
The seven-headed hydra barely misses you.
The seven-headed hydra bites you!
You die...
Kikubaaqudgha rasps: "You have failed me!
Welcome... death!"

#..# ####'######
#### #.........#
#... #......[..#
#... #.........#
###...
#.........###.....
#.........#...#...
#.J.......'.###D..
#@D.......### #...
########'## #...
#.# #### ###.# #
#...# # #.### #
#.# # #######'## #
#........# #


You could see a seven-headed hydra and a slime creature.

Vanquished Creatures
  Gastronok (D:9)
  A two-headed ogre (D:9)
  3 cyclopes
  Grinder (D:5)
  Prince Ribbit (D:5)
  A vampire (D:9)
  A wraith (D:10)
  A shadow (D:9)
  A wyvern (D:8)
  Eustachio (D:4)
  3 yaks (D:7)
  Sigmund (D:4)
  2 steam dragons
  2 vampire mosquitoes (D:9)
  2 water moccasins
  A floating eye (D:11)
  3 orc warriors
  A black bear (D:6)
  2 sky beasts
  4 necrophages
  An ogre (D:4)
  3 centaurs
  A kobold brigand (D:8)
  3 bullfrogs
  2 scorpions
  A gnoll sergeant (D:10)
  2 wyvern zombies (D:8)
  A water moccasin skeleton (D:5)
  9 killer bees
  4 wights
  3 howler monkeys
  4 crimson imps
  3 centaur zombies
  4 orc priests
  4 hounds
  2 jellies
  Crazy Yiuf (D:2)
  A centaur skeleton (D:4)
  2 iguanas (D:7)
  5 orc wizards
  A killer bee zombie (D:8)
  A hound skeleton (D:5)
  A mummy (D:8)
  3 gnolls (D:10)
  7 adders
  A white imp (D:5)
  3 ufetubi
  A worm (D:10)
  A dart slug (D:4)
  27 orcs
  7 endoplasms
  2 giant cockroaches
  6 hobgoblins
  3 jackals (D:1)
  4 quokkas
  9 ball pythons
  2 bats (D:1)
  4 goblins
  13 kobolds
  7 rats
192 creatures vanquished.

Vanquished Creatures (collateral kills)
  A two-headed ogre (D:11)
  A troll (D:11)
  2 howler monkeys (D:11)
  A gnoll (D:10)
5 creatures vanquished.

Vanquished Creatures (others)
  An orc wizard (D:4)
  8 fungi
  2 plants (D:9)
  2 withered plants (D:8)
13 creatures vanquished.

Grand Total: 210 creatures vanquished

Notes
Turn   | Place    | Note
-------+----------+-------------------------------------------
     0 | D:1      | octoduck the Hill Orc Necromancer began the quest for the
                  | Orb.
     0 | D:1      | Reached XP level 1. HP: 14/14 MP: 3/3
   138 | D:1      | Reached skill level 1 in Fighting
   272 | D:1      | Reached XP level 2. HP: 21/24 MP: 1/4
   886 | D:1      | Reached XP level 3. HP: 29/31 MP: 2/5
  1416 | D:2      | Found a runed translucent door.
  1417 | D:2      | Noticed Crazy Yiuf
  1895 | D:2      | Found a sacrificial altar of Ru.
  2640 | D:3      | Reached XP level 4. HP: 39/40 MP: 3/6
  2789 | D:3      | Reached skill level 1 in Axes
  4376 | D:3      | Reached skill level 2 in Axes
  4915 | D:3      | Reached skill level 3 in Axes
  4915 | D:3      | Reached XP level 5. HP: 26/46 MP: 4/7
  5139 | D:4      | Reached skill level 4 in Axes
  5550 | D:4      | Noticed an ogre
  5895 | D:4      | Reached skill level 5 in Axes
  6078 | D:4      | Reached XP level 6. HP: 41/52 MP: 4/8
  6273 | D:4      | Reached skill level 6 in Axes
  6588 | D:4      | Noticed Sigmund
  6687 | D:4      | Reached skill level 7 in Axes
  6874 | D:5      | Entered Level 5 of the Dungeon
  6874 | D:5      | Noticed Grinder
  6924 | D:5      | Noticed a sky beast
  6966 | D:5      | Found a shimmering altar of Xom.
  7408 | D:4      | Reached XP level 7. HP: 51/59 MP: 9/9
  7600 | D:5      | Reached skill level 8 in Axes
  7620 | D:5      | Noticed Prince Ribbit
  7727 | D:5      | Noticed Eustachio
  7899 | D:5      | Found a bloodstained altar of Trog.
  8080 | D:4      | Reached skill level 9 in Axes
  8623 | D:5      | Reached skill level 10 in Axes
  8792 | D:6      | Reached XP level 8. HP: 53/66 MP: 10/10
  9102 | D:6      | Reached skill level 11 in Axes
  9164 | D:6      | Found an opulent altar of Gozag.
  9260 | D:6      | Noticed an angel
  9261 | D:6      | Found a glowing silver altar of Zin.
 10500 | D:7      | Found Zybeote's Assorted Antiques.
 10632 | D:7      | Reached skill level 12 in Axes
 11138 | D:7      | Noticed a vampire
 11890 | D:7      | Reached skill level 13 in Axes
 11890 | D:7      | Reached XP level 9. HP: 48/71 MP: 11/11
 12171 | D:8      | Found a sparkling altar of Nemelex Xobeh.
 12969 | D:5      | Paralysed by Grinder for 4 turns
 12978 | D:5      | Killed Grinder
 12979 | D:5      | Reached skill level 5 in Necromancy
 13225 | D:5      | Found a stormy altar of Qazlal.
 13531 | D:4      | Killed Eustachio
 13903 | D:4      | Killed Sigmund
 14185 | D:2      | Killed Crazy Yiuf
 14598 | D:5      | Killed Prince Ribbit
 14599 | D:5      | Reached skill level 14 in Axes
 15127 | D:7      | Found a staircase to the Ecumenical Temple.
 15133 | Temple   | Entered the Ecumenical Temple
 15142 | Temple   | Became a worshipper of Kikubaaqudgha
 15147 | Temple   | Learned a level 3 spell: Vampiric Draining
 15558 | D:7      | Reached skill level 5 in Fighting
 15795 | D:8      | Identified the +6 dagger of Nowouh {protect, Fly rCorr
                  | Str-5 Dex+4}
 15977 | D:8      | Learned a level 4 spell: Animate Dead
 16004 | D:8      | Reached XP level 10. HP: 79/83 MP: 12/12
 17010 | D:9      | Noticed a two-headed ogre
 18338 | D:9      | Found a staircase to the Lair.
 18573 | D:9      | Found a sacrificial altar of Ru.
 18616 | D:9      | Noticed Gastronok
 18788 | D:9      | Killed Gastronok
 19068 | D:10     | Entered Level 10 of the Dungeon
 19068 | D:10     | Noticed a two-headed ogre
 19320 | Lair:1   | Entered Level 1 of the Lair of Beasts
 19368 | Lair:1   | Noticed a seven-headed hydra
 19407 | D:9      | Killed a two-headed ogre
 19408 | D:9      | Reached XP level 11. HP: 97/97 MP: 3/13
 19928 | D:9      | Learned a level 5 spell: Agony
 20206 | D:10     | Noticed a two-headed ogre
 20238 | D:9      | Reached skill level 10 in Necromancy
 20932 | D:10     | Found a runed translucent door.
 20932 | D:10     | Found a shimmering altar of Xom.
 20932 | D:10     | Noticed a +0 mace of chaos
 20932 | D:10     | Noticed Sobieck's ghost (journeyman OgBe)
 20972 | D:10     | Identified the +0 pair of gloves of Soft Rains {rCorr Str-4
                  | Int+3}
 21134 | D:10     | Noticed a cyclops
 21694 | D:10     | Found a snail-covered altar of Cheibriados.
 22085 | D:10     | Reached * piety under Kikubaaqudgha
 22085 | D:10     | Received a gift from Kikubaaqudgha
 22428 | D:11     | Killed a two-headed ogre
 22783 | D:11     | Noticed a seven-headed hydra
 23017 | D:10     | Found a burning altar of Makhleb.
 23986 | D:9      | Identified 2 scrolls of acquirement
 23986 | D:9      | Acquired a +4 ring of slaying
 24013 | Lair:1   | Identified the +5 mace of Havoc {venom, Str+5 Int+2 Dex+3}
 24018 | Lair:1   | Noticed Nergalle
 24113 | D:9      | Acquired the +10 battleaxe "Yruh" {drain, rElec Dex+5}
 24326 | D:10     | Killed a cyclops
 24629 | D:11     | Noticed a cyclops
 24649 | D:11     | Killed a cyclops
 24887 | D:11     | a seven-headed hydra changed into a floating eye
 24889 | D:11     | Paralysed by a floating eye for 2 turns
 24980 | D:11     | Noticed a cyclops
 24999 | D:11     | Killed a cyclops
 25378 | D:12     | Noticed a seven-headed hydra
 25381 | D:11     | HP: 4/97 [seven-headed hydra (12)]
 25382 | D:11     | Slain by a seven-headed hydra

Illustrated notes

Levels and vault maps discovered:
D:1:      wander_arrival_chamber, layout_basic, nrook_campfire
D:2:      layout_basic, basic_altar, uniq_crazy_yiuf_cottage
D:3:      layout_loops_ring, minmay_pentangle
D:4:      layout_loops_corners, corner_web_ring, kennysheep_small_spiral,
          grunt_ministairs_13, uniq_sigmund
D:5:      layout_cave_pools, led_xom_imps, amcnicky_altar_gilded,
          nicolae_overflow_crystal_walls, supply_closet_lemuel,
          uniq_prince_ribbit1, uniq_eustachio, uniq_grinder
D:6:      layout_loops_ring, zin_angel, kennysheep_little_box
D:7:      layout_rooms, minmay_temple_entry_fiery, serial_shops,
          nicolae_shop_trees
D:8:      layout_gridville, nemelex_xobeh_ov_fountains_minmay, serial_undead,
          serial_undead_d, serial_undead_d, serial_undead_c, serial_undead_e
D:9:      layout_rooms, marbit_many_paths, dpeg_oklobed_lair, uniq_gastronok
D:10:     layout_loops_ring, cheibrodos_worm_habitat,
          lemuel_coloured_pillars_altar, ebering_ghost_xom,
          minmay_misc_feat_tiny, bh_walls_and_bars
D:11:     layout_roguey, serial_corexii_hall, chequers_hall_statues_corner_a,
          corexii_hall_statues_u
D:12:     layout_roguey, erik_orc_1
Temple:   cyrus_circular_temple
Lair:1:   layout_regular_city, grunt_forest_small_clearings, uniq_nergalle

Skill      XL: |  1  2  3  4  5  6  7  8  9 10 11 |
---------------+----------------------------------+-----
Fighting       | 1 3 4 5 9 |  9.3
Axes           | 3 5 7 10 13 14 | 14.5
Necromancy     | 7 9 10 | 10.8
Stealth        | 2 4 |  4.3
Dodging        | |  1.5
Spellcasting   | |  1.5

Action                   |  1- 3 |  4- 6 |  7- 9 | 10-12 || total
-------------------------+-------+-------+-------+-------++-------
Melee: War axe           |     2 |    21 |    50 |   251 ||   324
       Short sword       |     2 |       |       |       ||     2
       Hand axe          |       |   211 |   475 |       ||   686
       Battleaxe         |       |       |       |    16 ||    16
 Cast: Pain              |    68 |    66 |    83 |    23 ||   240
       Vampiric Draining |       |       |     3 |    23 ||    26
       Animate Dead      |       |       |       |    20 ||    20
       Agony             |       |       |       |    10 ||    10
Evoke: Wand              |       |       |    20 |    40 ||    60
  Use: Scroll            |     2 |     7 |     4 |    11 ||    24
       Potion            |       |       |       |     3 ||     3
 Stab: Sleeping          |       |       |     1 |       ||     1
       Distracted        |       |       |       |     2 ||     2
Armor: Robe              |     2 |       |       |       ||     2
       Leather armour    |       |   131 |   221 |    85 ||   437
       Skin              |       |       |       |    17 ||    17
       Steam dragon scal |       |       |       |    67 ||    67
Dodge: Dodged            |     9 |   179 |   298 |   256 ||   742

Table legend: (Time is in decaauts)
 A = Elapsed time spent in this place.
 B = Non-inter-level travel time spent in this place.
 C = Inter-level travel time spent in this place.
 D = Time resting spent in this place.
 E = Time spent auto-exploring this place.
 F = Levels seen in this place.
 G = Mean time per level.
                   A        B        C        D        E       F      G
               +--------+--------+--------+--------+--------+-----+--------+
         Total |  25292 |  22863 |   2429 |  10474 |   6594 |  14 | 1806.6 |
       Dungeon |  25137 |  22728 |   2409 |  10474 |   6589 |  12 | 2094.8 |
        Temple |     24 |     16 |      8 |      0 |      1 |   1 |   24.0 |
          Lair |    131 |    119 |     12 |      0 |      4 |   1 |  131.0 |
               +--------+--------+--------+--------+--------+-----+--------+

Top non-repeatable levels by time:
     D:8: 3616 daAuts
     D:9: 3220 daAuts
     D:4: 2812 daAuts
     D:2: 2807 daAuts
     D:6: 2324 daAuts
    D:10: 2008 daAuts
     D:5: 1935 daAuts
     D:7: 1864 daAuts
     D:3: 1742 daAuts
    D:11: 1533 daAuts
     D:1: 1248 daAuts
  Lair:1: 131 daAuts
  Temple: 24 daAuts
    D:12: 23 daAuts
